 Dungeon Crawl Stone Soup version 0.19.5 (webtiles) character file.

16 Monsterracer the Vexing (level 2, -1/28 HPs)
             Began as an Ogre Arcane Marksman on Sept 8, 2017.
             Slain by a hobgoblin (2 damage)
             ... on level 1 of the Dungeon.
             The game lasted 00:02:06 (821 turns).

Monsterracer the Vexing (Ogre Arcane Marksman)       Turns: 821, Time: 00:02:06

Health: -1/28      AC:  3    Str: 15    XL:     2   Next: 58%
Magic:  3/3        EV: 10    Int: 12    God:
Gold:   10         SH:  0    Dex:  9    Spells: 1 memorised, 2 levels left

rFire  + . .     SeeInvis .     c - +0 club
rCold  x . .     Gourm    .     a - +0 robe
rNeg   . . .     Faith    .     (no shield)
rPois  .         Spirit   .     (helmet restricted)
rElec  .         Reflect  .     (no cloak)
rCorr  .         Harm     .     (gloves unavailable)
MR     .....                    (boots unavailable)
Stlth  +.........               (no amulet)
                                (no ring)
                                g - ring of fire

@: no status effects
A: unfitting armour, tough skin 1
a: no special abilities


You were on level 1 of the Dungeon.
You were not hungry.

You visited 1 branch of the dungeon, and saw 1 of its levels.

You collected 10 gold pieces.

Inventory:

Hand Weapons
 c - a +0 club (weapon)
Missiles
 d - 2 throwing nets {!f}
 h - 4 large rocks
 l - 53 stones (quivered)
Armour
 a - a +0 robe (worn)
Jewellery
 g - a ring of fire (left hand)
Scrolls
 e - a scroll of remove curse {unknown}
 i - a scroll of recharging {unknown}
 j - a scroll of teleportation {unknown}
 n - a scroll of enchant weapon {unknown}
 o - a scroll of magic mapping {unknown}
Potions
 k - a potion of cancellation {unknown}
 m - a potion of degeneration {unknown}
 p - a potion of agility {unknown}
Books
 b - a book of Debilitation

   Spells                             Type                      Level
   a - Corona                         Hexes                        1
   b - Slow                           Hexes                        2
   c - Gell's Gravitas                Hexes/Translocation          3
   d - Inner Flame                    Hexes/Fire                   3
   e - Cause Fear                     Hexes                        4
   f - Leda's Liquefaction            Hexes/Earth                  4
Comestibles
 f - a bread ration


   Skills:
 * Level 1.7 Fighting
 * Level 2.0 Maces & Flails
 + Level 2.1 Throwing
 + Level 2.0 Dodging
 - Level 1.2 Spellcasting
 - Level 2.1 Hexes


You had 2 spell levels left.
You knew the following spells:

 Your Spells              Type           Power        Failure   Level  Hunger
a - Corona                Hex            #......      14%         1    ##.....


Dungeon Overview and Level Annotations

Branches:
Dungeon (1/15)

Altars:


Innate Abilities, Weirdness & Mutations

You are too large for most types of armour.
You have tough skin. (AC +1)


Message History

Huge Dmg: -11%(-3hp) hp: 22%(6hp)
You hit the hobgoblin.
You kill the hobgoblin!
Your Maces & Flails skill increases to level 2!
You hit the hobgoblin but do no damage.
The hobgoblin is heavily wounded.
The hobgoblin closely misses you.
You hit the hobgoblin but do no damage.
The hobgoblin is moderately wounded.
The hobgoblin hits you.
* * * LOW HITPOINT WARNING * * *
Huge Dmg: -18%(-5hp) hp: 4%(1hp)
You barely miss the hobgoblin.
The hobgoblin is moderately wounded.
The hobgoblin misses you.
Unknown command.
You closely miss the hobgoblin.
The hobgoblin is moderately wounded.
The hobgoblin hits you.
You die...

#.# #.......##...
#.# #.......##...
#.# #.......##...
#.# #.).....##..#
#.# #.......##...
#.# ##########..
#.#
#.################
#.......@g(....(..
##########........
#........
#........
#........
.........
...###### ...#
....#


You could see a hobgoblin.

Vanquished Creatures
  A goblin (D:1)
  3 hobgoblins (D:1)
  4 jackals (D:1)
  2 bats (D:1)
  A frilled lizard (D:1)
  4 rats (D:1)
15 creatures vanquished.

Notes
Turn   | Place    | Note
-------+----------+-------------------------------------------
     0 | D:1      | Monsterracer the Ogre Arcane Marksman began the quest for the Orb.
     0 | D:1      | Reached XP level 1. HP: 19/19 MP: 2/2
   207 | D:1      | Reached skill level 1 in Maces & Flails
   438 | D:1      | Reached XP level 2. HP: 26/27 MP: 3/3
   464 | D:1      | HP: 13/27 [jackal (2)]
   471 | D:1      | HP: 8/27 [jackal (1)]
   801 | D:1      | HP: 14/28 [rat (3)]
   812 | D:1      | HP: 9/28 [hobgoblin (3)]
   819 | D:1      | HP: 1/28 [hobgoblin (5)]
   821 | D:1      | Slain by a hobgoblin

Skill      XL: |  1  2 |
---------------+-------+-----
Maces & Flails | 1 2 |  2.0
Dodging        | 2 |  2.0
Fighting       | |  1.7
Throwing       | |  2.1
Spellcasting   | |  1.2
Hexes          | |  2.1

Action                   || total
-------------------------++-------
Melee: Club              ||    66
       Unarmed           ||    11
Throw: Large rock        ||     8
       Stone             ||    13
Armor: Robe              ||    39
Dodge: Dodged            ||    81
